 Dungeon Crawl Stone Soup version 0.24-a0-443-g80245de385 (webtiles) character file.

Game seed: 8544558504045330604

152 namelastname112 the Sneak (level 5, 0/41 HPs)
             Began as a Draconian Enchanter on June 21, 2019.
             Killed by nerve-wracking pain
             ... invoked by an orc priest
              (14 damage)
             ... on level 3 of the Dungeon.
             The game lasted 00:03:20 (2692 turns).

namelastname112 the Sneak (Draconian Enchanter)     Turns: 2692, Time: 00:03:20

Health: 0/41       AC:  5    Str: 11    XL:     5   Next: 11%
Magic:  1/8        EV: 12    Int: 15    God:
Gold:   97         SH:  0    Dex: 12    Spells: 3/9 levels left

rFire    . . .     SeeInvis .   a - +1 dagger
rCold    . . .     Gourm    .   (no shield)
rNeg     . . .     Faith    .   (armour unavailable)
rPois    .         Spirit   .   (helmet restricted)
rElec    .         Reflect  .   (no cloak)
rCorr    .         Harm     .   (no gloves)
MR       .....                  (no boots)
Stlth    ++........             (no amulet)
HPRegen  0.13/turn              (no ring)
MPRegen  0.11/turn              (no ring)

@: very slightly contaminated
A: unfitting armour, cold-blooded, AC +5
a: no special abilities


You were on level 3 of the Dungeon.
You were not hungry.

You visited 1 branch of the dungeon, and saw 3 of its levels.

You collected 97 gold pieces.

Inventory:

Hand Weapons
 a - a +1 dagger (weapon)
Scrolls
 b - 2 scrolls of amnesia {unknown}
 d - a scroll of magic mapping {unknown}
 e - 2 scrolls of identify {unknown}
 g - a scroll of blinking {unknown}
 h - 2 scrolls of remove curse {unknown}
 i - a scroll of enchant armour {unknown}
Potions
 f - 3 potions of curing
 j - a potion of haste
Comestibles
 c - 4 rations


   Skills:
 + Level 1.8 Fighting
 + Level 2.1 Short Blades
 + Level 2.4 Dodging
 + Level 3.4 Stealth
 + Level 2.6 Spellcasting
 + Level 3.3 Hexes


You had 3 spell levels left.
You knew the following spells:

 Your Spells              Type           Power        Failure   Level  Hunger
a - Corona                Hex            ##.....      5%          1    #......
x - Confuse               Hex            ##......     16%         3    ###....
z - Ensorcelled Hibernat  Hex/Ice        #.....       16%         2    ###....

Your spell library contained the following spells:

 Spells                   Type           Power        Failure   Level  Hunger
 Tukima's Dance           Hex            ##......     16%         3    ###....
 Dazzling Spray           Conj/Hex       #.....       32%         3    ###....


Dungeon Overview and Level Annotations

Branches:
Dungeon (3/15)

Altars:


Innate Abilities, Weirdness & Mutations

Your plain brown scales are hard. (AC +5)
You cannot fit into any form of body armour.
You are cold-blooded and may be slowed by cold attacks.


Message History

You take 4 damage, and have 24/41 hp!
You skewer the orc priest like a kebab!
The orc priest is heavily wounded!
The orc priest misses you!
You barely miss the orc priest!
The orc priest is heavily wounded!
You skewer the orc priest but do no damage!
You tail-slap the orc priest!
The orc priest is severely wounded!
The orc priest hits you with a +0 hand axe!
You take 5 damage, and have 19/41 hp!
You barely miss the orc priest! You tail-slap the orc priest!
The orc priest is almost dead!
The orc priest hits you with a +0 hand axe!
You take 5 damage, and have 14/41 hp!
You completely miss the orc priest!
The orc priest is almost dead!
The orc priest invokes the aid of Beogh against you!
Pain shoots through your body!!! rip

#...........# #.#
.####.#.#######.# #.#
......#.......#.# #.#
..............#.### #.#
......#######.#...# #.#
...........######.# #.#
........<#........# #.#
#################.#####.#
)...)..........o@...)...#
#########################


You could see an orc priest.

Vanquished Creatures
  An orc wizard (D:3)
  4 adders (D:2)
  2 oozes
  3 worms (D:2)
  3 dart slugs
  2 leopard geckos
  3 orcs (D:3)
  7 ball pythons
  8 bats
  3 giant cockroaches
  4 goblins
  7 hobgoblins
  4 jackals (D:2)
  A quokka (D:2)
  3 frilled lizards (D:1)
  4 kobolds
  6 rats
65 creatures vanquished.

Notes
Turn   | Place    | Note
-------+----------+-------------------------------------------
     0 | D:1      | namelastname112 the Draconian Enchanter began the quest for
                  | the Orb.
     0 | D:1      | Reached XP level 1. HP: 14/14 MP: 3/3
   228 | D:1      | Reached XP level 2. HP: 19/22 MP: 5/5
   263 | D:1      | Learned a level 2 spell: Ensorcelled Hibernation
   559 | D:1      | Reached XP level 3. HP: 20/27 MP: 6/6
   739 | D:1      | Reached skill level 1 in Fighting
  1370 | D:2      | Reached XP level 4. HP: 24/35 MP: 2/7
  2118 | D:2      | Learned a level 3 spell: Confuse
  2342 | D:3      | Reached XP level 5. HP: 13/41 MP: 2/8
  2692 | D:3      | Killed from afar by an orc priest

Levels and vault maps discovered:
D:1:      dpeg_arrival_rhombus, layout_basic, corexii_hall_statues_l,
          kennysheep_another_room
D:2:      layout_loops_ring, minmay_shallow_snake_nest
D:3:      layout_basic, nicolae_overflow_crystal_walls,
          overflow_temple_1_default

Skill      XL: |  1  2  3  4 |
---------------+-------------+-----
Dodging        | 2 |  2.4
Stealth        | 3 |  3.4
Fighting       | 1 |  1.8
Hexes          | 3 |  3.3
Short Blades   | 2 |  2.1
Spellcasting   | |  2.6

Action                   |  1- 3 |  4- 6 || total
-------------------------+-------+-------++-------
Melee: Dagger            |   158 |   130 ||   288
       Tailslap          |     9 |    13 ||    22
 Cast: Ensorcelled Hiber |     6 |    12 ||    18
  Use: Potion            |       |     2 ||     2
 Stab: Sleeping          |     9 |     5 ||    14
  Eat: Chunk             |     2 |     3 ||     5
       Ration            |       |     1 ||     1
Armor: Skin              |    71 |    27 ||    98
Dodge: Dodged            |   115 |    65 ||   180

Table legend:
 A = Non-vault XP
 B = Vault XP
 C = Vault XP percentage of total XP
 D = Non-vault monster count
 E = Vault monster count
 F = Vault count percentage of total count
                 A         B        C        D         E       F
            +---------+---------+-------+---------+---------+-------
      Total |     200 |      18 |   8.3 |      59 |       6 |   9.2
            +---------+---------+-------+---------+---------+-------
        D:1 |      53 |       0 |   0.0 |      29 |       0 |   0.0
        D:2 |      96 |      18 |  15.8 |      25 |       6 |  19.4
        D:3 |      51 |       0 |   0.0 |       5 |       0 |   0.0
            +---------+---------+-------+---------+---------+-------
